 Dungeon Crawl Stone Soup version 0.22-a0-443-g17c3723 (webtiles) character file.

39703 4thArraOfDagon the Severer (level 13, -9/121 HPs)
             Began as a Deep Dwarf Monk on June 1, 2018.
             Was a High Priest of Makhleb.
             Engulfed by a cloud of freezing vapour (19 damage)
             ... in an ice cave.
             The game lasted 00:27:33 (4826 turns).

4thArraOfDagon the Severer (Deep Dwarf Monk)        Turns: 4826, Time: 00:27:34

Health: -9/121     AC: 17    Str: 20    XL:     13   Next: 70%
Magic:  7/10       EV: 12    Int: 11    God:    Makhleb [*****.]
Gold:   731        SH:  5    Dex: 13    Spells: 12/12 levels left

rFire    + + .     SeeInvis .   E - +8 broad axe "Mefe" {chaos, +Fly rF++ Dex-2 Stlth+}
rCold    . . .     Gourm    .   w - +2 buckler
rNeg     . . .     Faith    .   B - +1 chain mail {rPois}
rPois    +         Spirit   .   v - +0 helmet
rElec    .         Reflect  .   t - +0 cloak
rCorr    .         Harm     .   L - +0 pair of gloves
MR       +....     Clarity  +   (no boots)
Stlth    +.........             p - amulet of rage
HPRegen  0.00/turn              C - ring of stealth
MPRegen  0.12/turn              H - ring of flight

@: berserk cooldown, non-regenerating
A: damage resistance, heal wounds, talons 1, clarity, sense surroundings 2, no
regeneration
a: Heal Wounds, Minor Destruction, Lesser Servant of Makhleb, Major Destruction,
Greater Servant of Makhleb, Renounce Religion, Evoke Berserk Rage, Evoke Flight


You were in an ice cave.
You worshipped Makhleb.
Makhleb was extremely pleased with you.
You were not hungry.

You visited 5 branches of the dungeon, and saw 20 of its levels.
You also visited: Ice Cave.

You collected 731 gold pieces.

Inventory:

Hand Weapons
 a - a +0 hand axe
 d - a +0 war axe
 k - the +5 falchion of Ru's Whim {drain, rElec}
   (You found it on level 6 of the Dungeon)

   A truly terrible weapon, it drains the life of those it strikes.
   It insulates you from electricity.
 s - the +7 long sword of Overwhelming Force {drain, MR+ Stlth+}
   (You found it on level 8 of the Dungeon)

   A truly terrible weapon, it drains the life of those it strikes.
   It affects your resistance to hostile enchantments.
   It makes you more stealthy.
 u - a +0 battleaxe
 E - the +8 broad axe "Mefe" (weapon) {chaos, +Fly rF++ Dex-2 Stlth+}
   (You acquired it on level 3 of the Lair of Beasts)

   Each time it hits an enemy it has a different, random effect.
   It affects your dexterity (-2).
   It greatly protects you from fire.
   It lets you fly.
   It makes you more stealthy.
 N - the +5 hand axe of Hetsidde {antimagic, rN+ Str-5 Dex+4 Stlth+}
   (You found it in an ice cave)

   It reduces the magical energy of the wielder, and disrupts the spells and
   magical abilities of those hit.
   Natural abilities and divine invocations are not affected.
   It affects your strength (-5).
   It affects your dexterity (+4).
   It protects you from negative energy.
   It makes you more stealthy.
Armour
 b - a +0 robe
 f - a +0 chain mail
 g - a +0 ring mail
 o - a +2 hat
 r - the +1 leather armour "Pietoorr" {+Blink}
   (You found it on level 8 of the Dungeon)

   It lets you blink.
 t - a +0 cloak (worn)
 v - a +0 helmet (worn)
 w - a +2 buckler (worn)
 B - a +1 chain mail of poison resistance (worn)
 L - a +0 pair of gloves (worn)
Jewellery
 p - an amulet of rage (around neck)
 A - an uncursed ring of poison resistance
 C - a ring of stealth (left hand)
 H - a ring of flight (right hand)
Wands
 q - a wand of scattershot (7)
 D - a wand of digging (22)
 F - a wand of iceblast (13)
 I - a wand of enslavement (29)
 O - a wand of polymorph (13)
 P - a wand of random effects (13)
Scrolls
 e - 4 scrolls of teleportation
 i - 5 scrolls of remove curse
 j - 3 scrolls of blinking {unknown}
 l - 2 scrolls of immolation
 y - a scroll of enchant weapon {unknown}
 z - a scroll of fog
 K - a scroll of holy word {unknown}
 Q - a scroll of random uselessness {unknown}
Potions
 h - a potion of might
 m - a potion of heal wounds
 n - 4 potions of brilliance
 x - 3 potions of curing
 G - 2 potions of lignification
 J - a potion of magic
 M - a potion of agility {unknown}
Comestibles
 c - 19 rations


   Skills:
 + Level 9.4 Fighting
 - Level 17.4 Axes
 + Level 10.3 Armour
 + Level 10.9 Dodging
 - Level 2.4 Stealth
 - Level 4.2 Invocations
 - Level 4.1 Evocations


You had 12 spell levels left.
You didn't know any spells.
Your spell library contained the following spells:

 Spells                   Type           Power        Failure   Level  Hunger
 Lightning Bolt           Conj/Air       #.........   100%        5    ######.
 Shock                    Conj/Air       #...         99%         1    ##.....
 Swiftness                Chrm/Air       #.......     99%         2    ###....
 Airstrike                Air            #.........   100%        4    #####..
 Static Discharge         Conj/Air       #.......     100%        3    ####...


Dungeon Overview and Level Annotations

Branches:
Dungeon (11/15)            Temple (1/1) D:5            Lair (6/6) D:8
  Swamp (1/4) Lair:2        Slime (0/5) Lair:5          Orc (1/2) D:10
  Snake: Lair:2-4    Spider: Lair:2-4

Altars:
Cheibriados
Elyvilon
Fedhas
Hepliaklqana
Kikubaaqudgha
Makhleb
Nemelex Xobeh
Qazlal
Ru
Sif Muna
Trog
Uskayaw
Vehumet
Wu Jian
Xom
Yredelemnul
Zin
The Shining One

Shops:
D:11 [

Annotations:
Lair:2 exclusion: oklob plant
Lair:3 exclusion: 2 downstairs
Lair:4 Sonja


Innate Abilities, Weirdness & Mutations

You are resistant to damage.
You can heal yourself by infusing magical energy.
You passively map the area around you.
You do not regenerate.
You have sharp toenails.
You possess an exceptional clarity of mind.


Message History

Really walk into that cloud of freezing vapour?
Okay, then.
Really walk into that cloud of freezing vapour?
A draconian simulacrum comes into view.
You are engulfed in freezing vapours.
You slash the draconian simulacrum!
You melt the draconian simulacrum.
The draconian simulacrum vapourises!
Makhleb accepts your kill.
You feel better.
You are engulfed in freezing vapours.
You are engulfed in freezing vapours.
You feel yourself speed up.
You are engulfed in freezing vapours.
You are engulfed in freezing vapours.
* * * LOW HITPOINT WARNING * * *
You are engulfed in freezing vapours.
* * * LOW HITPOINT WARNING * * *
Unknown command.
You are engulfed in freezing vapours.
You die...

** * , * ** * , *,
, ≈ * * * * *
######## ** , * ,
* ##..§.#.# , ≈ ,
*##..§#§§§. * ,
#..####§§# ≈ ***,
* ### ≈ #..###§.##
, * #§§##
##...##§.## ≈ , *
,#@## ##...##...##
** , #§§##
#...####...# ≈ ≈
** *
#§.§#####.#.####.≈
#§##≈§§##.#.##≈
##. ≈ ≈ ##
####§§§§## ## ≈ ≈≈
≈ * ###### ≈≈≈ # *
*


There were no monsters in sight!

Vanquished Creatures
  A tentacled monstrosity (Swamp:1)
  A thorn hunter (Swamp:1)
  2 hydras
  A catoblepas (Lair:6)
  A two-headed ogre (D:11)
  The ghost of 4thArraOfDagon the Cleaver, a novice DDBe of Trog (Lair:3)
  3 death yaks (Lair:4)
  Urug (Lair:3)
  Nergalle (Lair:2)
  A swamp dragon (Swamp:1)
  An orc sorcerer (Orc:1)
  5 elephants (Lair:6)
  A black mamba (Lair:6)
  An ice statue (IceCv)
  7 spiny frogs
  A rime drake (Lair:5)
  3 freezing wraiths
  5 komodo dragons
  An anaconda simulacrum (IceCv)
  2 polar bears (Lair:6)
  6 hornets
  A troll (D:9)
  A bog body (Swamp:1)
  7 blink frogs
  6 dream sheep
  4 hippogriffs
  14 spriggans (Lair:6)
  7 wyverns
  23 yaks
  Eustachio (D:5)
  2 basilisks
  4 vampire mosquitoes (Swamp:1)
  Menkaure (D:7)
  2 swamp worms (Swamp:1)
  9 water moccasins
  2 porcupines
  3 swamp drakes (Swamp:1)
  3 orc warriors
  An ice beast (D:8)
  2 sky beasts
  4 black bears (Lair:6)
  An ettin simulacrum (IceCv)
  2 phantoms (D:11)
  5 boggarts (Lair:6)
  15 wolves (Lair:6)
  3 ogres
  8 crocodiles
  9 centaurs
  4 bullfrogs
  A scorpion (D:9)
  3 howler monkeys
  An electric eel (Lair:2)
  2 crimson imps
  A centaur zombie (D:4)
  A quasit (D:10)
  5 hounds
  3 draconian simulacra (IceCv)
  3 jellies
  4 orc priests
  An iron imp (D:9)
  6 iguanas
  8 orc wizards
  A polar bear simulacrum (IceCv)
  4 worker ants
  A troll simulacrum (IceCv)
  A howler monkey zombie (D:5)
  A howler monkey skeleton (D:5)
  5 adders
  2 shadow imps
  3 ufetubi (IceCv)
  An ooze (D:1)
  An adder skeleton (D:5)
  A dart slug (D:4)
  2 leopard geckos (D:1)
  20 orcs
  A ball python (D:3)
  A bat (D:3)
  4 giant cockroaches
  2 gnoll zombies (D:7)
  5 jackals
  A quokka (D:3)
  3 frilled lizards
  A goblin (D:1)
  A leopard gecko skeleton (D:4)
  3 rats
  2 fungi
  A plant (Lair:6)
297 creatures vanquished.

Vanquished Creatures (collateral kills)
  Fannar (Lair:3)
  2 hydras (Lair:2)
  A komodo dragon (Lair:1)
  A hornet (Lair:6)
  3 blink frogs (Lair:1)
  3 water moccasins
  A bullfrog (Lair:2)
12 creatures vanquished.

Vanquished Creatures (others)
  A swamp worm (Swamp:1)
  A wolf (Lair:6)
  A white imp (IceCv)
  5 ufetubi (IceCv)
  3 fungi (Lair:4)
  4 plants
15 creatures vanquished.

Grand Total: 324 creatures vanquished

Notes
Turn   | Place    | Note
-------+----------+-------------------------------------------
     0 | D:1      | 4thArraOfDagon the Deep Dwarf Monk began the quest for the Orb.
     0 | D:1      | Reached XP level 1. HP: 20/20 MP: 1/1
   120 | D:1      | Reached XP level 2. HP: 17/27 MP: 2/2
   199 | D:3      | Reached skill level 4 in Axes
   199 | D:3      | Reached XP level 3. HP: 27/34 MP: 3/3
   313 | D:4      | Noticed an orc warrior
   317 | D:4      | Reached skill level 5 in Axes
   317 | D:4      | Reached XP level 4. HP: 33/42 MP: 4/4
   365 | D:4      | Reached skill level 6 in Axes
   365 | D:4      | Reached XP level 5. HP: 42/49 MP: 5/5
   384 | D:4      | Found a sparkling altar of Nemelex Xobeh.
   387 | D:5      | Entered Level 5 of the Dungeon
   409 | D:5      | Found a staircase to the Ecumenical Temple.
   422 | Temple   | Entered the Ecumenical Temple
   459 | Temple   | Became a worshipper of Makhleb the Destroyer
   459 | Temple   | Reached * piety under Makhleb
   459 | Temple   | Reached ** piety under Makhleb
   631 | D:5      | Noticed Eustachio
   655 | D:5      | Reached skill level 7 in Axes
   656 | D:5      | Reached XP level 6. HP: 37/56 MP: 6/6
   665 | D:5      | Reached skill level 8 in Axes
   692 | D:5      | Killed Eustachio
   692 | D:5      | Reached skill level 9 in Axes
   692 | D:5      | Reached XP level 7. HP: 55/62 MP: 7/7
   909 | D:6      | Got a fine falchion
   914 | D:6      | Identified the +5 falchion of Ru's Whim {drain, rElec} (You found it on level 6 of the Dungeon)
   966 | D:7      | Reached skill level 1 in Invocations
   977 | D:7      | Noticed Menkaure
   990 | D:7      | Killed Menkaure
  1023 | D:7      | Found a basalt altar of Yredelemnul.
  1189 | D:8      | Got a twisted leather armour
  1193 | D:8      | Got a warped long sword
  1207 | D:8      | Identified the +1 leather armour "Pietoorr" {+Blink} (You found it on level 8 of the Dungeon)
  1227 | D:8      | Identified the +7 long sword of Overwhelming Force {drain, MR+ Stlth+} (You found it on level 8 of the Dungeon)
  1267 | D:9      | Noticed a troll
  1267 | D:9      | Noticed a wyvern
  1278 | D:9      | Found a snail-covered altar of Cheibriados.
  1280 | D:9      | Killed a wyvern
  1280 | D:9      | Reached skill level 10 in Axes
  1280 | D:9      | Reached XP level 8. HP: 69/69 MP: 9/9
  1284 | D:9      | Killed a troll
  1284 | D:9      | Reached skill level 11 in Axes
  1301 | D:9      | Found a hide-covered altar of Uskayaw.
  1355 | D:9      | Found a blossoming altar of Fedhas.
  1360 | D:10     | Entered Level 10 of the Dungeon
  1533 | D:10     | Noticed a komodo dragon
  1546 | D:10     | Killed a komodo dragon
  1619 | D:9      | Reached *** piety under Makhleb
  1619 | D:9      | Gained mutation: You passively map the area around you. [Deep Dwarf growth]
  1619 | D:9      | Reached XP level 9. HP: 76/76 MP: 11/11
  1619 | D:9      | Reached skill level 12 in Axes
  1833 | D:11     | Noticed a komodo dragon
  1849 | D:11     | Killed a komodo dragon
  1849 | D:11     | Reached skill level 13 in Axes
  1885 | D:11     | Gained mutation: You have sharp toenails. [potion of mutation]
  1885 | D:11     | Gained mutation: You possess an exceptional clarity of mind. [potion of mutation]
  1888 | D:11     | Found a deep blue altar of Sif Muna.
  1930 | D:11     | Noticed a two-headed ogre
  1944 | D:11     | Killed a two-headed ogre
  1944 | D:11     | Reached skill level 14 in Axes
  1976 | D:11     | Found Emorant's Antique Armour Boutique.
  2006 | D:11     | Reached XP level 10. HP: 83/84 MP: 10/10
  2197 | D:10     | Found a staircase to the Orcish Mines.
  2206 | Orc:1    | Entered Level 1 of the Orcish Mines
  2206 | Orc:1    | Noticed an orc sorcerer
  2217 | Orc:1    | Noticed an ettin
  2221 | Orc:1    | Killed an orc sorcerer
  2222 | Orc:1    | Reached skill level 15 in Axes
  2231 | D:10     | Reached **** piety under Makhleb
  2544 | D:8      | Found a staircase to the Lair.
  2589 | Lair:1   | Entered Level 1 of the Lair of Beasts
  2612 | Lair:1   | HP: 1/84 [blink frog (8)]
  2623 | Lair:1   | Reached skill level 16 in Axes
  2677 | Lair:1   | Sergey: morning
  2739 | Lair:2   | 4thArraOfDagon: heeu
  2798 | Lair:2   | Noticed a spiny frog
  2802 | Lair:2   | Found a staircase to the Swamp.
  2807 | Lair:2   | Killed a spiny frog
  2816 | Lair:2   | Noticed an eight-headed hydra
  2878 | Lair:1   | Reached XP level 11. HP: 35/90 MP: 11/11
  2946 | Lair:1   | Reached skill level 17 in Axes
  3038 | Lair:2   | Noticed Nergalle
  3050 | Lair:2   | Killed Nergalle
  3182 | Lair:4   | Noticed Sonja
  3228 | Lair:3   | Identified a scroll of acquirement
  3251 | Lair:3   | Got a fine broad axe
  3252 | Lair:3   | Identified the +8 broad axe "Mefe" {chaos, +Fly rF++ Dex-2 Stlth+} (You acquired it on level 3 of the Lair of Beasts)
  3265 | Lair:3   | Noticed Urug
  3276 | Lair:3   | Killed Urug
  3276 | Lair:3   | Reached skill level 1 in Armour
  3280 | Lair:3   | Noticed 4thArraOfDagon's ghost (novice DDBe)
  3300 | Lair:3   | Found a basalt altar of Yredelemnul.
  3322 | Lair:4   | Noticed a death yak
  3324 | Lair:4   | Noticed a death yak
  3361 | Lair:6   | Entered Level 6 of the Lair of Beasts
  3391 | Lair:6   | Noticed a catoblepas
  3411 | Lair:6   | Noticed a spriggan rider
  3417 | Lair:6   | Killed a catoblepas
  3417 | Lair:6   | Reached skill level 5 in Dodging
  3424 | Lair:6   | Reached skill level 5 in Fighting
  3432 | Lair:6   | Reached skill level 5 in Armour
  3438 | Lair:6   | Reached ***** piety under Makhleb
  3438 | Lair:6   | Reached XP level 12. HP: 103/103 MP: 10/10
  3672 | Lair:6   | Noticed a six-headed hydra
  3785 | Lair:4   | Noticed a death yak
  3792 | Lair:4   | Killed a death yak
  3797 | Lair:4   | Killed a death yak
  3801 | Lair:4   | Killed a death yak
  3890 | Lair:4   | Reached XP level 13. HP: 117/117 MP: 11/11
  4108 | Lair:3   | Noticed Fannar
  4121 | Lair:3   | Killed Fannar
  4127 | Lair:3   | Killed 4thArraOfDagon's ghost
  4234 | Lair:2   | Found a deep blue altar of Sif Muna.
  4439 | Lair:2   | Reached skill level 10 in Dodging
  4494 | Swamp:1  | Entered Level 1 of the Swamp
  4501 | Swamp:1  | Noticed a tentacled monstrosity
  4514 | Swamp:1  | Killed a tentacled monstrosity
  4577 | Swamp:1  | Noticed a thorn hunter
  4592 | Swamp:1  | HP: 3/181 [thorn hunter/volley of thorns (32)]
  4594 | Swamp:1  | Killed a thorn hunter
  4594 | Swamp:1  | Reached skill level 10 in Armour
  4637 | Swamp:1  | Found a frozen archway.
  4672 | IceCv    | Entered an ice cave
  4795 | IceCv    | Got an ivory hand axe
  4796 | IceCv    | Identified the +5 hand axe of Hetsidde {antimagic, rN+ Str-5 Dex+4 Stlth+} (You found it in an ice cave)
  4826 | IceCv    | Engulfed by a cloud of freezing vapour

Vault maps used:
D:1:      nzn_arrival_settlement
D:2:      chequers_ecumenical_altar_island, minmay_misc_feat_five
D:3:      uniq_robin
D:4:      lemuel_crystal_altar, nicolae_dithmenos_through_a_glass_darkly,
          first_ration, minivault_1, uniq_crazy_yiuf_cottage
D:5:      minmay_temple_entry_statues_fountains, uniq_eustachio
D:6:      uniq_duvessa
D:7:      lemuel_zombie_altar_yredelemnul, grunt_ogre_cave, uniq_menkaure
D:8:      minmay_overflow_temple_star_quad, dpeg_oklobed_lair, uniq_pikel
D:9:      kennysheep_mini_moat, slow_altar_1, fedhas_altar_3, uniq_erolcha
D:10:     orc_0_dummy, serial_co_window_serial, co_window_corner_a,
          co_window_corner_a, co_window_corner_a, co_window_of_opportunity_a,
          co_window_paths_a, co_window_of_opportunity_a,
          co_window_of_opportunity_a, co_window_broadway_b, co_window_cross_4,
          co_window_corner_b, co_window_of_opportunity_b, co_window_corner_ca,
          co_window_cross_3, co_window_paths_d, glass_columns_a,
          glass_columns_a, glass_columns_c, glass_columns_b, minivault_14
D:11:     serial_shops, shop, basic_altar, serial_bayou_ford_a
Temple:   zaba_magenta_temple
Lair:1:   serial_bayou_pond_e, minivault_23
Lair:2:   minmay_swamp_entry_reptiles, lemuel_oklob_altar, uniq_nergalle
Lair:3:   spider_nest_entry_funnel_web, basic_altar, uniq_fannar, uniq_urug
Lair:4:   columned_hall_lemuel, beast_lair_carwin_4,
          infiniplex_staircase_pool_2, grunt_megastairs_4, uniq_sonja
Lair:5:   minmay_slime_entry_pillars, nzn_random_ring,
          minmay_lair_oklob_chamber, grunt_megastairs_1, uniq_rupert
Lair:6:   minmay_lair_end_enchanted_forest
Swamp:1:  portal_ice_cave_entry_frozen_things, nicolae_swamp_round_clearing
IceCv:    ice_cave_caverns_02

Skill      XL: |  1  2  3  4  5  6  7  8  9 10 11 12 13 |
---------------+----------------------------------------+-----
Fighting       | 3 5 7 9 |  9.4
Axes           | 4 5 6 7 9 10 11 14 16 17 | 17.4
Invocations    | 3 4 |  4.2
Evocations     | 2 4 |  4.1
Armour         | 5 8 10 | 10.3
Dodging        | 6 9 10 | 10.9
Stealth        | |  2.4

Action                   |  1- 3 |  4- 6 |  7- 9 | 10-12 | 13-15 || total
-------------------------+-------+-------+-------+-------+-------++-------
Melee: Hand axe          |    32 |       |       |       |       ||    32
       War axe           |    25 |    78 |   166 |   150 |       ||   419
       Kick              |       |       |     6 |   125 |    46 ||   177
       Broad axe         |       |       |       |   204 |   124 ||   328
       Battleaxe         |       |       |       |    13 |       ||    13
Throw: Throwing net      |       |       |       |     1 |       ||     1
Invok: Lesser Servant of |       |       |       |     5 |     6 ||    11
       Minor Destruction |       |       |       |       |     2 ||     2
 Abil: Heal Wounds       |     1 |     3 |     6 |    10 |    10 ||    30
       Evoke Berserk Rag |       |       |     4 |    13 |     7 ||    24
       Evoke Flight      |       |       |       |     1 |       ||     1
Evoke: Wand              |       |     1 |    11 |     1 |       ||    13
  Use: Potion            |     2 |     2 |     1 |     2 |       ||     7
       Scroll            |       |     2 |     6 |     5 |     3 ||    16
 Stab: Sleeping          |     3 |       |       |       |       ||     3
       Held in net/web   |       |       |       |     2 |       ||     2
       Petrified         |       |       |       |     6 |       ||     6
       Confused          |       |       |       |     1 |     1 ||     2
       Petrifying        |       |       |       |     1 |     1 ||     2
  Eat: Chunk             |       |       |     4 |    15 |     7 ||    26
       Ration            |       |       |     1 |     1 |     1 ||     3
Armor: Robe              |     5 |       |       |       |       ||     5
       Ring mail         |     3 |       |       |       |       ||     3
       Chain mail        |    16 |    76 |   117 |   202 |    66 ||   477
Dodge: Dodged            |    22 |    57 |   109 |   152 |    73 ||   413
Block: Buckler           |       |       |       |    18 |    34 ||    52

Table legend:
 A = Spawn XP
 B = Non-spawn XP
 C = Spawn XP percentage of total XP
 D = Spawn monster count
 E = Non-spawn monster count
 F = Spawn count percentage of total count
 G = Total turns spent on level
                    A         B        C        D         E        F      G
               +---------+---------+-------+---------+---------+-------+---------
         Total |       0 |   56719 |   0.0 |       0 |     308 |   0.0 |  4826
               +---------+---------+-------+---------+---------+-------+---------
           D:1 |       0 |      15 |   0.0 |       0 |       5 |   0.0 |   159
           D:3 |       0 |      61 |   0.0 |       0 |      11 |   0.0 |   172
           D:4 |       0 |     196 |   0.0 |       0 |      10 |   0.0 |   122
           D:5 |       0 |     638 |   0.0 |       0 |      20 |   0.0 |   267
           D:6 |       0 |      53 |   0.0 |       0 |       2 |   0.0 |   165
           D:7 |       0 |     435 |   0.0 |       0 |      10 |   0.0 |   214
           D:8 |       0 |     790 |   0.0 |       0 |      13 |   0.0 |   256
           D:9 |       0 |    1455 |   0.0 |       0 |      18 |   0.0 |   390
          D:10 |       0 |     732 |   0.0 |       0 |       8 |   0.0 |   348
          D:11 |       0 |    2753 |   0.0 |       0 |      22 |   0.0 |   402
        Lair:1 |       0 |    3245 |   0.0 |       0 |      17 |   0.0 |   370
        Lair:2 |       0 |    5760 |   0.0 |       0 |      25 |   0.0 |   532
        Lair:3 |       0 |    3583 |   0.0 |       0 |       7 |   0.0 |   329
        Lair:4 |       0 |    8853 |   0.0 |       0 |      29 |   0.0 |   252
        Lair:5 |       0 |    1826 |   0.0 |       0 |       7 |   0.0 |    84
        Lair:6 |       0 |   14081 |   0.0 |       0 |      65 |   0.0 |   371
       Swamp:1 |       0 |    9716 |   0.0 |       0 |      18 |   0.0 |   145
         Orc:1 |       0 |    1007 |   0.0 |       0 |       9 |   0.0 |    23
         IceCv |       0 |    1520 |   0.0 |       0 |      12 |   0.0 |   154
               +---------+---------+-------+---------+---------+-------+---------
